 Dungeon Crawl Stone Soup version 0.30.0-21-gd299b56b3f (webtiles) character file.

Game seed: 12347812235752682344

84 qw the Chopper (level 4, 0/28 HPs)
             Began as a Gargoyle Fighter on June 2, 2023.
             Slain by an orc
             ... wielding a +0 club
              (3 damage)
             ... on level 3 of the Dungeon.
             The game lasted 00:00:56 (1841 turns).

qw the Chopper (Gargoyle Fighter)                   Turns: 1841, Time: 00:00:57

Health: 0/28       AC: 11    Str: 21    XL:     4   Next: 45%
Magic:  4/4        EV:  6    Int:  9    God:
Gold:   157        SH:  0    Dex:  9    Spells: 3/3 levels left

rFire   . . .        Y - +2 war axe
rCold   . . .        c - +0 buckler
rNeg    + + .        b - +0 scale mail
rPois   inf          (no helmet)
rElec   +            a - +0 cloak
rCorr   .            (no gloves)
SInv    .            (no boots)
Will    .....        (no amulet) Stlth
                     k - ring of positive energy
HPRegen 0.24/turn    (no ring)
MPRegen 0.09/turn

%: no passive effects
@: confused, constricted
A: sickness immunity, AC +3, negative energy resistance 1, electricity
resistance, torment resistance 1, petrification resistance
a: no special abilities


You were on level 3 of the Dungeon.
You visited 1 branch of the dungeon, and saw 3 of its levels.

You collected 157 gold pieces.


Innate Abilities, Weirdness & Mutations

You are immune to sickness and miasma.
Your stone body is resilient. (AC +3)
You are immune to poison.
You resist negative energy. (rN+)
You are resistant to electric shocks. (rElec)
You are resistant to unholy torment.
You are immune to petrification.


   Skills:
 - Level 3.2 Fighting
 - Level 3.9 Axes
 + Level 0.9 Throwing
 - Level 3.2 Armour
 - Level 3.2 Shields


You had 3 spell levels left.
You didn't know any spells.
Your spell library was empty.

Inventory:

Hand Weapons
 f - a +0 whip
 Y - a +2 war axe (weapon)
Missiles
 h - 3 javelins (quivered)
Armour
 a - a +0 cloak (worn)
 b - a +0 scale mail (worn)
 c - a +0 buckler (worn)
 j - a +0 pair of gloves
Jewellery
 k - a ring of positive energy (left hand)
Scrolls
 e - a scroll of identify
Potions
 d - a potion of might
 g - a potion of mutation {unknown}
 i - a potion of attraction {unknown}

Dungeon Overview and Level Annotations

Branches:
Dungeon (3/15)

Altars:

Annotations:
D:3 Ijyb


Message History

An orc comes into view. It is wielding a +0 dagger.
Ijyb screams, "I no like you!"
Ijyb zaps a wand.
You resist with some effort.
The ball python hisses angrily.
The hobgoblin hits you but does no damage.
An orc comes into view. It is wielding a +0 club.
The hobgoblin hits you but does no damage.
Ijyb zaps a wand.
You resist with some effort. The orc closely misses you.
The hobgoblin closely misses you. The orc hits you with a +0 flail.
An orc comes into view. It is wielding a +0 club.
Ijyb hits you but does no damage.
The orc shouts!
You hear a shout!
The hobgoblin hits you. The orc hits you but does no damage.
The orc hits you with a +0 flail.
Ijyb zaps a wand.
Your will is overpowered!
You are more confused.
The ball python bites you. The ball python grabs you.
The ball python constricts you.
The hobgoblin hits you but does no damage.
The orc barely misses you. The orc hits you but does no damage.
Ijyb hits you with a +0 dagger.
The ball python bites you but does no damage.
The ball python constricts you. The orc barely misses you.
The hobgoblin hits you but does no damage.
The orc hits you with a +0 flail. Ijyb hits you with a +0 dagger.
The orc hits you but does no damage. The ball python bites you.
The ball python constricts you.
The hobgoblin hits you but does no damage.
Ijyb zaps a wand.
You resist with some effort.
The now-empty wand crumbles to dust.
The orc hits you but does no damage. x2
The ball python bites you. The ball python constricts you.
The ball python barely misses you. The ball python constricts you.
The hobgoblin hits you but does no damage.
The orc barely misses you. x2; The orc hits you but does no damage.
Ijyb hits you but does no damage. The ball python bites you.
The ball python constricts you. Ijyb hits you with a +0 dagger.
The orc hits you but does no damage.
The hobgoblin hits you but does no damage.
The orc closely misses you. The orc hits you but does no damage.
The orc hits you with a +0 club.
You die...

##.####
......#### ####
##..>...... ...
..........
##.###...<.....
...............
#...ogS......
#..oo@g......
#...oo.......
#............
#..##.##.....
#............
##.##.........
#..#.......##.
#........... #
#...........


You could see Ijyb, 5 orcs, a hobgoblin and a ball python.

Vanquished Creatures
  2 adders
  7 ball pythons
  6 bats
  10 endoplasms
  2 giant cockroaches
  3 goblins
  4 hobgoblins
  11 jackals
  5 kobolds
  A quokka (D:1)
  A frilled lizard (D:1)
  5 rats
57 creatures vanquished.

Notes
Turn   | Place    | Note
-------+----------+-------------------------------------------
     0 | D:1      | qw the Gargoyle Fighter began the quest for the Orb.
     0 | D:1      | Reached XP level 1. HP: 14/14 MP: 1/1
     0 | D:1      | 0 ||| qw: Version: 0.2-a-102-gdf20003
     0 | D:1      | 0 ||| qw: Game counter: 815
     0 | D:1      | 0 ||| qw: Always use a shield: true
     0 | D:1      | 0 ||| qw: God list: Okawaru
     0 | D:1      | 0 ||| qw: Allow faded altars: false
     0 | D:1      | 0 ||| qw: Do Orc after D:15 true
     0 | D:1      | 0 ||| qw: Do second Lair branch before Depths: true
     0 | D:1      | 0 ||| qw: Lair rune preference: random
     0 | D:1      | 0 ||| qw: Plans: Normal, Zot:1-4, Slime:5, God:TSO, Crypt,
                  | Tomb, Pan, Hells, Abyss, Win
     0 | D:1      | 0 ||| PLANNING D:1-11
    14 | D:1      | 14 ||| Stepping ~*~*~tactically~*~*~ (stealth).
    45 | D:1      | Reached XP level 2. HP: 18/19 MP: 2/2
    72 | D:1      | 72 ||| Stepping ~*~*~tactically~*~*~ (stealth).
    89 | D:1      | 89 ||| Stepping ~*~*~tactically~*~*~ (stealth).
   110 | D:1      | Found a faded altar of an unknown god.
   173 | D:1      | Reached skill level 3 in Axes
   200 | D:1      | 200 ||| Stepping ~*~*~tactically~*~*~ (stealth).
   219 | D:1      | 219 ||| Stepping ~*~*~tactically~*~*~ (stealth).
   228 | D:1      | 228 ||| Stepping ~*~*~tactically~*~*~ (stealth).
   236 | D:1      | Reached XP level 3. HP: 20/23 MP: 3/3
   792 | D:1      | 792 ||| UPGRADING to ring of positive energy.
   793 | D:1      | 793 ||| READING scroll labelled AREOHA MYIVI.
   797 | D:1      | 797 ||| READING 2 scrolls labelled QOICUN CEITOEPH.
   798 | D:1      | 798 ||| READING scroll labelled NEIHE EPNOTRE.
   799 | D:1      | 799 ||| READING scroll labelled KOFOASTR QOEZYB.
   800 | D:1      | 800 ||| DROPPING scroll of vulnerability.
   878 | D:2      | 878 ||| Stepping ~*~*~tactically~*~*~ (stealth).
  1165 | D:2      | 1165 ||| READING 2 scrolls labelled CEYSYZERYEL.
  1166 | D:2      | 1166 ||| READING scroll of enchant weapon.
  1166 | D:2      | 1166 ||| ENCHANTING +1 war axe.
  1170 | D:2      | Reached XP level 4. HP: 28/28 MP: 4/4
  1477 | D:2      | 1477 ||| UPGRADING to +0 cloak.
  1482 | D:2      | 1482 ||| READING 2 scrolls labelled QOWYEK UXKA.
  1483 | D:2      | 1483 ||| DRINKING 2 sedimented cyan potions.
  1588 | D:2      | 1588 ||| DROPPING potion of berserk rage.
  1827 | D:3      | Noticed Ijyb
  1841 | D:3      | HP: 6/28 [ball python (2)]
  1841 | D:3      | Slain by an orc

Levels and vault maps discovered:
D:1:      minmay_arrival_wavy_path, layout_loops_ring,
          ebering_ecumenical_altar_abandoned
D:2:      layout_rooms, roderic_serpentine_path, minmay_strange_pillars,
          chequers_jeans, minmay_parallelograms, minmay_misc_feat_chi,
          minmay_statues_item, hangedman_decor_diamond_cutter
D:3:      minmay_razor_zed, layout_rooms, lemuel_round_altar,
          chequers_temple_overflow_minitemple, chequers_serial_rivers_room_a,
          serial_bayou_pond_b, st_stairs_12, uniq_ijyb

Skill      XL: |  1  2 |
---------------+-------+-----
Axes           | 2 3 |  3.9
Fighting       | |  3.2
Throwing       | |  0.9
Armour         | |  3.2
Shields        | |  3.2

Action                     |  1- 3 |  4- 6 || total
---------------------------+-------+-------++-------
  Melee: War axe           |    97 |    27 ||   124
  Throw: Javelin           |       |     7 ||     7
    Use: Scroll            |     6 |     1 ||     7
         Potion            |       |     1 ||     1
 Armour: Scale mail        |    52 |    39 ||    91
  Dodge: Dodged            |    49 |    17 ||    66
  Block: Buckler           |    22 |     5 ||    27

Table legend:
 A = Non-vault XP
 B = Vault XP
 C = Vault XP percentage of total XP
 D = Non-vault monster count
 E = Vault monster count
 F = Vault count percentage of total count
                 A         B        C        D         E       F
            +---------+---------+-------+---------+---------+-------
      Total |     116 |       4 |   3.3 |      55 |       2 |   3.5
            +---------+---------+-------+---------+---------+-------
        D:1 |      50 |       0 |   0.0 |      28 |       0 |   0.0
        D:2 |      40 |       0 |   0.0 |      19 |       0 |   0.0
        D:3 |      26 |       4 |  13.3 |       8 |       2 |  20.0
            +---------+---------+-------+---------+---------+-------
